 Dungeon Crawl Stone Soup version 0.25-b1-46-gb8a1ec05df (webtiles) character file.

Game seed: 329783657193966620

66 gruber the Chucker (level 3, 0/33 HPs)
             Began as a Troll Hunter on June 10, 2020.
             Slain by Purgy (3 damage)
             ... on level 3 of the Dungeon.
             The game lasted 00:01:37 (1965 turns).

gruber the Chucker (Troll Hunter)                   Turns: 1965, Time: 00:01:38

Health: 0/33       AC:  6    Str: 21    XL:     3   Next: 96%
Magic:  2/2        EV: 10    Int:  7    God:
Gold:   159        SH:  0    Dex: 10    Spells: 2/2 levels left

rFire    . . .     SeeInvis .     - Unarmed
rCold    . . .     Gourm    +   (no shield)
rNeg     . . .     Faith    .   b - +0 robe
rPois    .         Spirit   .   (helmet restricted)
rElec    .         Reflect  .   (no cloak)
rCorr    .         Harm     .   (gloves unavailable)
MR       .....                  (boots unavailable)
Stlth    +.........             (no amulet)
HPRegen  0.51/turn              (no ring)
MPRegen  0.08/turn              (no ring)

@: no status effects
A: large, unfitting armour, claws 3, fast metabolism 3, gourmand, regeneration
1, shaggy fur 1, tough skin 3
a: no special abilities


You were on level 3 of the Dungeon.
You were very full.

You visited 1 branch of the dungeon, and saw 3 of its levels.

You collected 159 gold pieces.

Inventory:

Missiles
 c - 4 large rocks (quivered)
 d - 2 throwing nets
Armour
 b - a +0 robe (worn)
Jewellery
 q - an uncursed amulet of magic regeneration {unknown}
Scrolls
 a - a scroll of amnesia {unknown}
 e - a scroll of fear {unknown}
 g - 2 scrolls of identify {unknown}
 h - a scroll of magic mapping {unknown}
 i - a scroll of remove curse {unknown}
 j - 2 scrolls of enchant armour {unknown}
 l - a scroll of noise {unknown}
Potions
 k - a potion of curing {unknown}
 m - a potion of degeneration {unknown}
 o - a potion of cancellation {unknown}
 p - a potion of ambrosia {unknown}
Comestibles
 f - 5 rations
 n - 8 chunks of flesh


   Skills:
 - Level 1.5 Fighting
 - Level 3.6 Throwing
 - Level 1.5 Dodging
 - Level 0.3 Stealth
 * Level 3.6 Unarmed Combat


You had 2 spell levels left.
You didn't know any spells.
Your spell library was empty.

Dungeon Overview and Level Annotations

Branches:
Dungeon (3/15)

Altars:

Annotations:
D:3 Purgy


Innate Abilities, Weirdness & Mutations

You are too large for most types of armour.
You have claws for hands.
Your metabolism is lightning-fast.
You like to eat raw meat.
Your natural rate of healing is unusually fast.
You are covered in fur. (AC +1)
You have extremely tough skin. (AC +3)


Message History

The rat twitches its whiskers.
Unknown command.
You barely miss Purgy. The bat hits you but does no damage. Purgy bites you.
Purgy claws you. Purgy claws you but does no damage.
You are too injured to fight recklessly!
You are too injured to fight recklessly!
The bat hits you but does no damage. Purgy bites you. Purgy claws you.
* * * LOW HITPOINT WARNING * * *
Purgy claws you but does no damage.
You claw Purgy!
Purgy is moderately wounded.
The bat hits you but does no damage. Purgy bites you.
* * * LOW HITPOINT WARNING * * *
Purgy barely misses you. Purgy claws you but does no damage.
The rat bites you but does no damage.
Unknown command.
You claw Purgy! x2
Purgy is severely wounded.
The bat hits you but does no damage. Purgy bites you.
You die...

####.######..#####.
###....##......##....
#....................
#....................
######...................
##..........#.............
##.........................
#..........b.#.......÷.....
#.........@..#......÷....#.
#...>....Tr###......)..##..
#..........# #..(...÷..#.(.
#..........##..............
##....................#...<
#........(.#.##............
#..........#......###.#....
#..........#..r.## #.#....
#............#..#####......


You could see Purgy, a bat and a rat.

Vanquished Creatures
  An ooze (D:1)
  A dart slug (D:2)
  2 leopard geckos (D:1)
  An orc (D:3)
  4 ball pythons
  8 bats
  3 giant cockroaches (D:1)
  8 goblins
  7 hobgoblins
  7 kobolds (D:1)
  A quokka (D:3)
  5 frilled lizards
  4 rats
52 creatures vanquished.

Notes
Turn   | Place    | Note
-------+----------+-------------------------------------------
     0 | D:1      | gruber the Troll Hunter began the quest for the Orb.
     0 | D:1      | Reached XP level 1. HP: 19/19 MP: 0/0
    20 | D:1      | Reached skill level 1 in Unarmed Combat
    83 | D:1      | Reached XP level 2. HP: 19/27 MP: 1/1
   417 | D:1      | Reached XP level 3. HP: 33/33 MP: 2/2
  1934 | D:3      | Noticed Purgy
  1965 | D:3      | Slain by Purgy

Illustrated notes

Levels and vault maps discovered:
D:1:      dpeg_arrival_fog, layout_loops_corners, minmay_distorted
D:2:      layout_basic
D:3:      kennysheep_the_goblin_king, layout_rooms, uniq_purgy

Skill      XL: |  1  2  3 |
---------------+----------+-----
Unarmed Combat | 1 2 3 |  3.6
Fighting       | |  1.5
Throwing       | |  3.6
Dodging        | |  1.5
Stealth        | |  0.3

Action                   || total
-------------------------++-------
Melee: Unarmed           ||   142
       Punch             ||     3
Throw: Large rock        ||     1
 Stab: Sleeping          ||     1
  Eat: Chunk             ||    23
Armor: Robe              ||    79
Dodge: Dodged            ||    98
